 Dungeon Sprint DCSS version 0.17.0-15-g6d90897 (webtiles) character file.

0 hexophile the Ruffian (level 1, -1/19 HPs)
             Began as a Ghoul Monk on Nov 10, 2015.
             Was a Believer of Makhleb.
             Slain by a phantom (8 damage)
             ... in the Dungeon (Sprint VI: "Thunderdome").
             The game lasted 00:01:24 (82 turns).

hexophile the Ruffian (Ghoul Monk)                    Turns: 82, Time: 00:01:24

Health: -1/19      AC:  2    Str: 14    XL:     1   Next: 20%
Magic:  0/0        EV: 13    Int: 12    God:    Makhleb [**....]
Gold:   20         SH:  0    Dex: 15    Spells: 0 memorised, 0 levels left

rFire  . . .     SeeInvis +       - Unarmed
rCold  + . .     Clarity  +     a - +0 robe
rNeg   + + +     SustAt   .     (no shield)
rPois  ∞         Gourm    .     (no helmet)
rElec  +         Spirit   .     (no cloak)
rCorr  .         Warding  .     (no gloves)
rMut   .         NoTele   +     (no boots)
MR     .....                    m - amulet of Umixze {Clar rElec MR- Int+3}
Stlth  ++........               (no ring)
                                n - ring of Circularity {rPois Int+4 Dex+4 SInv}

@: rotting, not resistant to hostile enchantments, unstealthy
A: rotting body, claws 1, carnivore 3, cold resistance 1, negative energy
resistance 3, slow regeneration 1, torment resistance, unbreathing
a: Minor Destruction, Renounce Religion


You were in the Dungeon.
You worshipped Makhleb.
Makhleb was pleased with you.
You were not hungry.

You visited 1 branch You collected 200 gold pieces.
You spent 180 gold pieces at shops.


Innate Abilities, Weirdness & Mutations

Your body is rotting away.
You thrive on raw meat.
You are immune to poison.
You have sharp fingernails.
You are carnivorous and can eat meat at any time.
Your flesh is cold resistant.
You are immune to negative energy.
You regenerate slowly when monsters are visible.
You are immune to unholy pain and torment.
You can survive without breathing.

Inventory:

Armour
 a - a +0 robe (worn)
Jewellery
 m - the amulet of Umixze (around neck) {Clar rElec MR- Int+3}
   (You bought it in a shop in the Dungeon)

   [amulet of clarity]

   It provides mental clarity.
   It affects your intelligence (+3).
   It insulates you from electricity.
   It affects your resistance to hostile enchantments.
 n - the ring of Circularity (left claw) {rPois Int+4 Dex+4 SInv}
   (You bought it in a shop in the Dungeon)

   [ring of see invisible]

   It affects your intelligence (+4).
   It affects your dexterity (+4).
   It protects you from poison.
   It lets you see invisible.
Wands
 j - a wand of cold (5)
 k - a wand of fire (5)
Scrolls
 h - 4 scrolls of blinking
 l - 3 scrolls of fog
Potions
 c - a potion of curing
 d - 4 potions of heal wounds
 e - 4 potions of haste
 f - 2 potions of magic
 g - a potion of berserk rage
 i - a potion of resistance {rF+ rC+ rPois rElec rCorr}
Comestibles
 b - a meat ration


You couldn't memorise any spells.
You didn't know any spells.


   Skills:
 - Level 3.2 Fighting
 - Level 2.6 Dodging
 - Level 2.1 Stealth
 + Level 4.9 Unarmed Combat
 + Level 0.7 Invocations

Dungeon Overview and Level Annotations

Branches:
Dungeon (1/1)

Altars:
Cheibriados
Dithmenos
Fedhas
Gozag
Kikubaaqudgha
Makhleb
Okawaru
Qazlal
Ru
Sif Muna
Trog
Vehumet
Xom
Yredelemnul
Zin
The Shining One
Jiyva
Lugonu

Shops:
D *[%??*?*:[((!!!!

Vault maps used:
D:        arena_sprint
You       could see a phantom and a necrophage.


Message History

Found an iron altar of Okawaru.
Found a snail-covered altar of Cheibriados.
Found a burning altar of Makhleb.
Found Rureff's Distillery and Yscher's Distillery.
Found Plog's Bottled Wisdom.
There is an iron altar of Okawaru here.
There is a snail-covered altar of Cheibriados here.
There is a burning altar of Makhleb here.
You kneel at the altar of Makhleb.
Makhleb welcomes you!
You can now gain health from killing.
You can now harness Makhleb's destructive might.
Unknown command.
You claw the giant gecko skeleton!
You destroy the giant gecko skeleton!
Makhleb accepts your kill.
Found Quhiwees's Do-It-Yourself Clinic.
Found a glowing golden altar of the Shining One and a stormy altar of Qazlal.
Found an ancient bone altar of Kikubaaqudgha.
Found Sesmap's Weapon Rack and Ziapniv's Premium Goods.
Found a basalt altar of Yredelemnul.
Found Xozib's Basic Armour and Maja's Miscellaneous Merchandise.
A jackal zombie comes into view.
You scratch the jackal zombie.
The jackal zombie bites you but does no damage.
You scratch the jackal zombie.
The jackal zombie bites you but does no damage.
You claw the jackal zombie!
You destroy the jackal zombie!
Makhleb accepts your kill.
A necrophage comes into view.
A phantom comes into view.
The phantom blinks!
You catch the helpless necrophage momentarily off-guard.
You scratch the necrophage.
The necrophage is lightly damaged.
The phantom hits you.
The phantom blinks!
You lost 4 HP.
You have now: 15/19 HP.
You closely miss the necrophage.
The necrophage is lightly damaged.
The necrophage hits you.
You lost 1 HP.
You have now: 14/19 HP.
You barely miss the necrophage.
The necrophage is lightly damaged.
The necrophage closely misses you.
You scratch the necrophage but do no damage.
The necrophage is lightly damaged.
The necrophage hits you!
* * * LOW HITPOINT WARNING * * *
The phantom hits you!
You die...

Action                   || total
-------------------------++-------
Melee: Unarmed           ||     8
 Stab: Distracted        ||     1

Notes
Turn   | Place    | Note
--------------------------------------------------------------
     0 | D        | hexophile the Ghoul Monk began the quest for the Orb.
     0 | D        | Reached XP level 1. HP: 19/19 MP: 0/0
     0 | D        | Found a shadowy altar of Dithmenos.
     0 | D        | Found a bloodstained altar of Trog.
     1 | D        | Found an opulent altar of Gozag.
     5 | D        | Round 1.
     7 | D        | Found a radiant altar of Vehumet.
     7 | D        | Found a corrupted altar of Lugonu.
     8 | D        | Found Honefrem's Bee Food.
     8 | D        | Found a deep blue altar of Sif Muna.
     8 | D        | Found a shimmering altar of Xom.
     8 | D        | Found Xijuen's Identification Station.
     9 | D        | Found Eplenuy's Jewellery.
     9 | D        | Found Beaddentar's Advanced Armour.
    13 | D        | Found a viscous altar of Jiyva.
    20 | D        | Bought a faintly glowing crystal amulet for 45 gold pieces
    20 | D        | Bought a twitching pewter ring for 45 gold pieces
    20 | D        | Bought a pitted granite ring for 45 gold pieces
    20 | D        | Identified the amulet of Umixze {Clar rElec MR- Int+3} (You bought it in a shop in the Dungeon)
    21 | D        | Identified the ring of Circularity {rPois Int+4 Dex+4 SInv} (You bought it in a shop in the Dungeon)
    22 | D        | Identified the ring "Cexynlol" {Ice Str+5} (You bought it in a shop in the Dungeon)
    29 | D        | Bought a glittering iron ring for 45 gold pieces
    29 | D        | Identified the ring of Ucheaxtynoi {Fire rElec Int-3 Dex+5} (You bought it in a shop in the Dungeon)
    38 | D        | Found Lejeiri's Magic Scroll Shop.
    38 | D        | Found Ciama's Magic Scroll Shop.
    39 | D        | Found Adomnoes's Must-Have Magic.
    40 | D        | Found a blossoming altar of Fedhas.
    40 | D        | Found a sacrificial altar of Ru.
    40 | D        | Found a glowing silver altar of Zin.
    40 | D        | Found Cuschuse's Staff Store.
    44 | D        | Found an iron altar of Okawaru.
    45 | D        | Found a snail-covered altar of Cheibriados.
    46 | D        | Found a burning altar of Makhleb.
    49 | D        | Found Rureff's Distillery.
    49 | D        | Found Yscher's Distillery.
    50 | D        | Found Plog's Bottled Wisdom.
    54 | D        | Became a worshipper of Makhleb the Destroyer
    54 | D        | Reached * piety under Makhleb
    54 | D        | Reached ** piety under Makhleb
    56 | D        | Found a glowing golden altar of the Shining One.
    56 | D        | Found Quhiwees's Do-It-Yourself Clinic.
    56 | D        | Found a stormy altar of Qazlal.
    62 | D        | Found an ancient bone altar of Kikubaaqudgha.
    63 | D        | Found a basalt altar of Yredelemnul.
    63 | D        | Found Sesmap's Weapon Rack.
    63 | D        | Found Ziapniv's Premium Goods.
    64 | D        | Found Xozib's Basic Armour.
    64 | D        | Found Maja's Miscellaneous Merchandise.
    74 | D        | Noticed a necrophage
    76 | D        | Noticed a phantom
    82 | D        | Slain by a phantom

Table legend:
 A = Turns spent in this place as a percentage of turns spent in the entire game.
 B = Non-inter-level travel turns spent in this place as a percentage of non-inter-level travel turns spent in the entire game.
 C = Inter-level travel turns spent in this place as a percentage of turns spent in this place.
 D = Turns resting spent in this place as a percentage of non-inter-level travel turns spent in this place.
 E = Turns spent auto-exploring this place as a percentage of non-inter-level travel turns spent in this place.
 F = Non-inter-level travel turns spent in this place divided by the number of levels of this place that you've seen.
                   A       B       C       D       E      F
               +-------+-------+-------+-------+-------+----------------------
         Total | 100.0 | 100.0 |   0.0 |   0.0 |   0.0 |  86.0
       Dungeon | 100.0 | 100.0 |   0.0 |   0.0 |   0.0 |  86.0
               +-------+-------+-------+-------+-------+----------------------

Table legend:
 A = Kills in this place as a percentage of kills in entire the game.
 B = Kills by you in this place as a percentage of kills by you in the entire game.
 C = Kills by friends in this place as a percentage of kills by friends in the entire game.
 D = Other kills in this place as a percentage of other kills in the entire game.
 E = Experience gained in this place as a percentage of experience gained in the entire game.
 F = Experience gained in this place divided by the number of levels of this place that you have seen.
                   A       B       C       D       E      F
               +-------+-------+-------+-------+-------+----------------------
         Total | 100.0 | 100.0 |  -nan |  -nan | 100.0 |   2.0
       Dungeon | 100.0 | 100.0 |  -nan |  -nan | 100.0 |   2.0
               +-------+-------+-------+-------+-------+----------------------

Vanquished Creatures
  A giant gecko skeleton (D)
  A jackal zombie (D)
2 creatures vanquished.
